 Dungeon Crawl Stone Soup version 0.30.0-10-gfe55d96785 (webtiles) character file.

Game seed: 6443025376379210906

249 trckry the Trooper (level 6, -1/47 HPs)
             Began as a Djinni Fighter on May 13, 2023.
             Killed from afar by an orc wizard (9 damage)
             ... with a magic dart
             ... on level 4 of the Dungeon.
             The game lasted 00:05:56 (3278 turns).

trckry the Trooper (Djinni Fighter)                 Turns: 3278, Time: 00:05:56

Health: -1/47      AC: 12    Str: 15    XL:     6   Next: 34%
Gold:   146        EV:  4    Int: 11    God:
                   SH:  4    Dex: 13

rFire   + + .        a - +0 long sword
rCold   x . .        c - +0 buckler
rNeg    . . .        r - +0 plate armour
rPois   ∞            (no helmet)
rElec   .            p - +0 cloak
rCorr   .            (no gloves)
SInv    .            (boots unavailable)
Will    .....        n - amulet of the acrobat Stlth
                     (no ring)
HPRegen 0.27/turn    (no ring)
MPRegen 0.00/turn

%: acrobat, infuse magic (-2 HP)
@: flying
A: sickness immunity, fire resistance 2, cold vulnerability 1, float, innate
caster, HP casting, extra vitality 1
a: no special abilities


You were on level 4 of the Dungeon.
You visited 1 branch of the dungeon, and saw 4 of its levels.

You collected 182 gold pieces.
You spent 36 gold pieces at shops.

Inventory:

Hand Weapons
 a - a +0 long sword (weapon)
 b - a +3 sling
Armour
 c - a +0 buckler (worn)
 p - a +0 cloak (worn)
 r - a +0 plate armour (worn)
Jewellery
 n - an amulet of the acrobat (around neck)
Scrolls
 e - a scroll of teleportation {unknown}
 f - a scroll of torment {unknown}
 g - 2 scrolls of noise {unknown}
 i - a scroll of fear {unknown}
 k - 2 scrolls of magic mapping {unknown}
 m - a scroll of identify {unknown}
 o - a scroll of enchant weapon {unknown}
Potions
 d - 2 potions of might
 h - a potion of magic {unknown}
 j - a potion of brilliance {unknown}
 l - 3 potions of curing
 q - a potion of mutation {unknown}
 s - a potion of attraction {unknown}


   Skills:
 + Level 3.9 Fighting
 * Level 3.8 Long Blades
 - Level 3.0 Armour
 - Level 3.0 Shields
 * Level 2.5 Spellcasting


You knew the following spells:

 Your Spells              Type           Power      Damage    Failure   Level
a - Necrotise             Necr           28%        1d5       100%        1
b - Call Imp              Summ           14%        N/A       100%        2
Your spell library was empty.


Dungeon Overview and Level Annotations

Branches:
Dungeon (4/15) Zot: 20616
 Temple: D:4-7

Altars:
Dithmenos
Hepliaklqana
Makhleb
The Shining One

Shops:
D:2 !


Innate Abilities, Weirdness & Mutations

You are immune to sickness and miasma.
You are immune to poison.
Your flesh is very heat resistant. (rF++)
You are vulnerable to cold. (rC-)
You float through the air rather than walking.
You learn spells naturally, not from books.
Your magical power is your life essence.
You have superior vitality. (+4 MHP)


Message History

You take 4 damage, and have 33/47 hp.
You hit something.
The orc priest hits you from afar with a +0 trident.
Something hits you but does no damage. x2; The orc throws a boomerang.
The boomerang hits you but does no damage.
You hear some strange, mumbled words.
A magic dart appears from out of thin air!
The magic dart hits you but does no damage.
You block the orc priest's attack.
You hear some strange, mumbled words.
A magic dart appears from out of thin air!
The magic dart hits you.
The orc throws a boomerang.
The boomerang hits you but does no damage.
You take 3 damage, and have 30/47 hp.
You closely miss something. You block the orc priest's attack.
Something hits you but does no damage. x2
You hit something.
Reactivating autopickup.
You feel a bit more experienced.
The orc priest miscasts a cantrip.
Something hits you.
Deactivating autopickup; reactivate with Ctrl-A.
You take 1 damage, and have 29/47 hp.
You closely miss the orc. The orc hits you with a +0 hand axe.
Something hits you but does no damage.
The orc priest hits you from afar with a +0 trident.
You take 10 damage, and have 19/47 hp.
MASSIVE DAMAGE!!
The orc priest mumbles some strange prayers to Beogh against you.
Beogh smites you!
* * * LOW HITPOINT WARNING * * *
Something hits you.
* * * LOW HITPOINT WARNING * * *
You take 12 damage, and have 7/47 hp.
MASSIVE DAMAGE!!
Something barely misses you.
You slash the orc!
You kill the orc!
You hear some strange, mumbled words.
A magic dart appears from out of thin air!
The magic dart hits you!
You die...

..# #.......##.#
..# ###.......##.#
#.###.........##.#
..##..##.....###.#
####.###.....# #.#
..)..# #.....# #.#
###### #.....# #.#
####### #.#
.###### #@#
....... #{#
.......###o#
.......o...#
.......##..#
......# ...#
#####. .#...# #
#.#.#... # #.#####


You could see an orc priest.

Vanquished Creatures
  A crimson imp (D:3)
  A hound (D:4)
  An orc wizard (D:4)
  An iguana (D:4)
  Robin (D:3)
  3 adders
  2 worms (D:3)
  4 dart slugs
  6 orcs
  2 bats
  6 endoplasms
  6 giant cockroaches
  14 goblins
  6 hobgoblins
  A quokka (D:3)
  4 ball pythons
  6 frilled lizards
  7 kobolds
  5 rats
77 creatures vanquished.

Notes
Turn   | Place    | Note
-------+----------+-------------------------------------------
     0 | D:1      | trckry the Djinni Fighter began the quest for the Orb.
     0 | D:1      | Reached XP level 1. HP: 20/20 MP: 0/0
   311 | D:1      | Reached XP level 2. HP: 25/25 MP: 0/0
   880 | D:2      | Found Abackoba's Distillery.
   886 | D:2      | Bought a potion of curing for 36 gold pieces
   904 | D:2      | Reached skill level 1 in Spellcasting
   904 | D:2      | Reached XP level 3. HP: 30/30 MP: 0/0
   904 | D:2      | Learned a level 1 spell: Necrotise
   917 | D:2      | You are sucked into a shaft and drop 1 floor!
   917 | D:3      | Found a hazy altar of Hepliaklqana.
  1575 | D:3      | Noticed Robin
  1589 | D:2      | Reached XP level 4. HP: 27/35 MP: 0/0
  2267 | D:3      | Killed Robin
  2281 | D:3      | Found a burning altar of Makhleb.
  2363 | D:3      | Reached XP level 5. HP: 40/40 MP: 0/0
  2363 | D:3      | Learned a level 2 spell: Call Imp
  2824 | D:4      | Found a shadowy altar of Dithmenos.
  2952 | D:4      | Found a glowing golden altar of the Shining One.
  3024 | D:4      | Reached XP level 6. HP: 13/47 MP: 0/0
  3274 | D:4      | HP: 7/47 [something (3)]
  3278 | D:4      | Killed from afar by an orc wizard

Illustrated notes

Levels and vault maps discovered:
D:1:      lemuel_arrival_hallway, layout_basic, minmay_misc_feat_chi
D:2:      layout_rooms, serial_shops, shop, grunt_decor_fettered,
          amcnicky_mini_corridor_feature
D:3:      cheibrodos_helix_gallery, layout_basic,
          grunt_temple_overflow_lords_of_destruction,
          nicolae_overflow_crystal_walls, minmay_fractal_squares_5, uniq_robin
D:4:      layout_basic, grunt_temple_overflow_open,
          gammafunk_temple_overflow_forgotten

Skill      XL: |  1  2  3  4 |
---------------+-------------+-----
Long Blades    | 2 3 |  3.8
Spellcasting   | 1 2 |  2.5
Fighting       | |  3.9
Armour         | |  3.0
Shields        | |  3.0

Action                     |  1- 3 |  4- 6 || total
---------------------------+-------+-------++-------
  Melee: Long sword        |    98 |   251 ||   349
 Armour: Scale mail        |    49 |    26 ||    75
         Plate armour      |       |   148 ||   148
  Dodge: Dodged            |    42 |    65 ||   107
  Block: Buckler           |    14 |    59 ||    73
